 Dungeon Crawl Stone Soup version 0.30-a0-782-ge64f9170bb (webtiles) character file.

Game seed: 9352721475789673823

282 Barriton the Firebug (level 6, 0/46 HPs)
             Began as a Draconian Fire Elementalist on Feb 20, 2023.
             Splashed by a jelly's acid (12 damage)
             ... on level 4 of the Dungeon.
             The game lasted 00:04:57 (2762 turns).

Barriton the Firebug (Draconian Fire Elementalist)  Turns: 2762, Time: 00:04:58

Health: 0/46       AC: -5    Str: 16    XL:     6   Next: 6%
Magic:  0/11       EV: 12    Int: 18    God:
Gold:   147        SH:  5    Dex: 11    Spells: 9/12 levels left

rFire   + . .      SeeInvis .    j - +0 mace
rCold   . . .      Faith    .    (no shield)
rNeg    . . .      Spirit   .    (body armour unavailable)
rPois   .          Reflect  +    (helmet restricted)
rElec   .          Harm     .    f - +0 cloak
rCorr   .          Rampage  .    (no gloves)
Will    .....                    (no boots)
Stlth   ++                       k - amulet of reflection
HPRegen 0.27/turn                c - +6 ring of strength
MPRegen 0.12/turn                i - ring of protection from fire

@: corroded
A: AC +6, unfitting armour, cold-blooded
a: no special abilities


You were on level 4 of the Dungeon.
You visited 1 branch of the dungeon, and saw 4 of its levels.

You collected 147 gold pieces.

Inventory:

Hand Weapons
 j - a +0 mace (weapon)
Armour
 f - a +0 cloak (worn)
Jewellery
 c - a +6 ring of strength (left hand)
 i - a ring of protection from fire (right hand)
 k - an amulet of reflection (around neck)
Scrolls
 g - a scroll of fear
 l - a scroll of fog
Potions
 a - a potion of magic
 b - a potion of ambrosia
 d - a potion of attraction {unknown}
 e - a potion of berserk rage {unknown}
 h - 4 potions of curing
 n - a potion of brilliance {unknown}


   Skills:
 + Level 0.3 Fighting
 + Level 0.5 Maces & Flails
 + Level 2.1 Dodging
 + Level 2.8 Stealth
 + Level 0.1 Shields
 + Level 0.4 Unarmed Combat
 + Level 3.8 Spellcasting
 + Level 1.4 Conjurations
 + Level 4.6 Fire Magic


You had 9 spell levels left.
You knew the following spells:

 Your Spells              Type           Power      Damage    Failure   Level
a - Foxfire               Conj/Fire      56%        2x1d6     4%          1
b - Scorch                Fire           40%        2d7       3%          2

Your spell library contained the following spells:

 Spells                   Type           Power      Damage    Failure   Level
 Inner Flame              Hex/Fire       11%        N/A       17%         3
 Kindle Blastsparks       Fire/Tloc/Air  18%        2d11      24%         3
 Flame Wave               Conj/Fire      14%        2d6       38%         4
 Iskenderun's Mystic Bla  Conj/Tloc      6%         2d4       73%         4
 Manifold Assault         Tloc           3%         N/A       83%         4
 Summon Forest            Summ/Tloc      1%         N/A       99%         5
 Conjure Ball Lightning   Conj/Air       3%         3x3d6     100%        6
 Discord                  Hex            1%         N/A       100%        8
 Disjunction              Tloc           1%         N/A       100%        8


Dungeon Overview and Level Annotations

Branches:
Dungeon (4/15)
 Temple: D:4-7

Altars:

Shops:
D:1 [


Innate Abilities, Weirdness & Mutations

Your plain brown scales are hard. (AC +6)
You cannot fit into any form of body armour.
You are cold-blooded and may be slowed by cold attacks.


Message History

Casting: Scorch (safe; 3% risk of failure)
Confirm with . or Enter, or press ? or * to list all spells.
Flames lash the orc.
You kill the orc!
Casting: Scorch (safe; 3% risk of failure)
Confirm with . or Enter, or press ? or * to list all spells.
Flames lash the orc.
You kill the orc!
A jelly comes into view.
No target in view!
No target in view!
Things that are here:
a +0 dagger; 12 gold pieces; an orc corpse You hit the jelly but do no damage.
Your hands burn!
The jelly barely misses you.
You hit the jelly. The acid corrodes you!
Your hands burn!
The jelly is lightly wounded.
The jelly closely misses you.
You hit the jelly but do no damage.
Your hands burn!
The jelly is lightly wounded.
You block the jelly's attack. The jelly hits you but does no damage.
You hit the jelly. The acid corrodes you!
Your hands burn!
The jelly is moderately wounded.
The jelly hits you.
You are splashed with acid!
Casting: Scorch (safe; 3% risk of failure)
Confirm with . or Enter, or press ? or * to list all spells.
Flames lash the jelly.
The jelly is almost dead.
The jelly's fire resistance burns away.
The jelly hits you. The acid corrodes you!
You are splashed with acid!
You are too injured to fight recklessly!
Casting: Scorch (safe; 3% risk of failure)
Confirm with . or Enter, or press ? or * to list all spells.
You don't have enough magic to cast this spell.
Casting: Scorch (safe; 3% risk of failure)
Confirm with . or Enter, or press ? or * to list all spells.
You conjure some foxfire!
The jelly hits you.
* * * LOW HITPOINT WARNING * * *
The acid corrodes you!
You are splashed with acid!
You die...

# . ##.### ## .....#
###. .#.#.# ...#)....
#...#.#.# # #vJ....# #
###@##.### # #.v.# #
#.### # #.#####.####.# #
#...........# #
##.###.###### # #.....#
#
#.###..#################
#...................


You could see a jelly (combustible, ally target).

Vanquished Creatures
  A water moccasin (D:3)
  An iguana (D:3)
  Jessica (D:2)
  6 adders
  An ufetubus (D:4)
  A worm (D:3)
  3 dart slugs
  4 orcs (D:4)
  4 bats
  6 endoplasms
  A giant cockroach (D:3)
  5 goblins
  A hobgoblin (D:1)
  3 jackals (D:3)
  A kobold (D:2)
  A quokka (D:3)
  7 ball pythons
  3 frilled lizards
  5 rats
55 creatures vanquished.

Vanquished Creatures (others)
  29 foxfires
29 creatures vanquished.

Grand Total: 84 creatures vanquished

Notes
Turn   | Place    | Note
-------+----------+-------------------------------------------
     0 | D:1      | Barriton the Draconian Fire Elementalist began the quest
                  | for the Orb.
     0 | D:1      | Reached XP level 1. HP: 14/14 MP: 3/3
   310 | D:1      | Got the Precepts of Charred Places
   330 | D:1      | Reached XP level 2. HP: 20/20 MP: 3/5
   348 | D:1      | Learned a level 2 spell: Scorch
   571 | D:1      | Found Muro Set's Antique Armour Shop.
   941 | D:1      | Reached XP level 3. HP: 17/26 MP: 0/6
  1066 | D:2      | Noticed Jessica
  1069 | D:2      | Killed Jessica
  1251 | D:2      | Reached XP level 4. HP: 33/33 MP: 2/8
  1724 | D:3      | Reached skill level 4 in Fire Magic
  1754 | D:3      | Noticed a water moccasin
  1760 | D:3      | Killed a water moccasin
  1761 | D:3      | Reached XP level 5. HP: 25/38 MP: 2/10
  2404 | D:3      | Reached XP level 6. HP: 45/45 MP: 8/11
  2762 | D:4      | Splashed by a jelly's acid

Illustrated notes

Levels and vault maps discovered:
D:1:      lemuel_arrival_river_bridge, layout_basic, serial_shops,
          nicolae_shop_statue_plus, hangedman_decor_growths
D:2:      layout_rooms, serial_curves, eino_curves_04, eino_curves_04,
          uniq_jessica
D:3:      layout_loops_ring
D:4:      layout_loops_ring

Skill      XL: |  1  2  3  4 |
---------------+-------------+-----
Stealth        | 2 |  2.8
Dodging        | 2 |  2.1
Spellcasting   | 3 |  3.8
Fire Magic     | 4 |  4.6
Fighting       | |  0.3
Maces & Flails | |  0.5
Shields        | |  0.1
Unarmed Combat | |  0.4
Conjurations   | |  1.4

Action                     |  1- 3 |  4- 6 || total
---------------------------+-------+-------++-------
  Melee: Unarmed           |    19 |       ||    19
         Tailslap          |     4 |     1 ||     5
         Mace              |       |    38 ||    38
   Cast: Foxfire           |    16 |     3 ||    19
         Scorch            |    12 |    34 ||    46
    Use: Scroll            |     2 |     4 ||     6
 Armour: Skin              |    14 |    15 ||    29
  Dodge: Dodged            |    29 |    38 ||    67
  Block: Other             |       |    13 ||    13

Table legend: (Time is in decaauts)
 A = Elapsed time spent in this place.
 B = Non-inter-level travel time spent in this place.
 C = Inter-level travel time spent in this place.
 D = Time resting spent in this place.
 E = Time spent auto-exploring this place.
 F = Levels seen in this place.
 G = Mean time per level.
                   A        B        C        D        E       F      G
               +--------+--------+--------+--------+--------+-----+--------+
         Total |   2781 |   2781 |      0 |      0 |   2316 |   4 |  695.2 |
       Dungeon |   2781 |   2781 |      0 |      0 |   2316 |   4 |  695.2 |
               +--------+--------+--------+--------+--------+-----+--------+

Top non-repeatable levels by time:
     D:3: 1023 daAuts
     D:1: 998 daAuts
     D:2: 607 daAuts
     D:4: 153 daAuts
